 Dungeon Crawl Stone Soup version 0.23.2-1-ga50397a6bc (webtiles) character file.

Game seed: 13275311916109424246

501 Mrkan the Charmwright (level 7, -6/56 HPs)
             Began as a Gnoll Skald on May 20, 2019.
             Killed from afar by an orc wizard (11 damage)
             ... with a puff of flame
             ... on level 4 of the Dungeon.
             The game lasted 00:09:02 (3408 turns).

Mrkan the Charmwright (Gnoll Skald)                 Turns: 3408, Time: 00:09:02

Health: -6/56      AC:  3    Str: 14    XL:     7   Next: 17%
Magic:  15/15      EV: 14    Int: 17    God:
Gold:   245        SH:  0    Dex: 14    Spells: 13/17 levels left

rFire    . . .     SeeInvis .   y - +0 spear
rCold    . . .     Gourm    .   (no shield)
rNeg     . . .     Faith    .   b - +0 leather armour
rPois    .         Spirit   .   (no helmet)
rElec    .         Reflect  .   (no cloak)
rCorr    .         Harm     .   (no gloves)
MR       .....                  (no boots)
Stlth    ++........             (no amulet)
HPRegen  0.18/turn              (no ring)
MPRegen  0.14/turn              (no ring)

@: very slightly contaminated
A: distributed training, fangs 1, strong nose
a: no special abilities


You were on level 4 of the Dungeon.
You were hungry.

You visited 1 branch of the dungeon, and saw 4 of its levels.

You collected 245 gold pieces.

Inventory:

Hand Weapons
 a - a +0 falchion
 y - a +0 spear (weapon)
Armour
 b - a +0 leather armour (worn)
Jewellery
 n - a +1 ring of protection {unknown}
 p - a +6 amulet of reflection
 v - an uncursed ring of positive energy {unknown}
Wands
 x - a wand of flame (15)
Scrolls
 c - 3 scrolls of blinking {unknown}
 e - 6 scrolls of identify {unknown}
 g - 3 scrolls of remove curse {unknown}
 h - a scroll of enchant weapon {unknown}
 i - a scroll of random uselessness {unknown}
 r - a scroll of teleportation {unknown}
 s - a scroll of enchant armour {unknown}
 u - a scroll of magic mapping {unknown}
 w - a scroll of immolation {unknown}
Potions
 f - a potion of brilliance {unknown}
 k - a potion of mutation {unknown}
 l - a potion of heal wounds {unknown}
 m - 2 potions of agility {unknown}
 o - a potion of resistance {unknown}
 q - a potion of curing {unknown}
 t - a potion of lignification {unknown}
 z - a potion of experience {unknown}
Comestibles
 d - 6 rations


   Skills:
 + Level 5.1 Fighting
 + Level 2.2 Short Blades
 + Level 5.1 Long Blades
 + Level 2.2 Axes
 + Level 2.2 Maces & Flails
 + Level 2.2 Polearms
 + Level 2.2 Staves
 + Level 2.2 Slings
 + Level 2.2 Bows
 + Level 2.2 Crossbows
 + Level 2.2 Throwing
 + Level 3.4 Armour
 + Level 5.1 Dodging
 + Level 2.2 Stealth
 + Level 2.2 Shields
 + Level 2.2 Unarmed Combat
 + Level 5.5 Spellcasting
 + Level 1.8 Conjurations
 + Level 1.8 Hexes
 + Level 5.7 Charms
 + Level 1.8 Summonings
 + Level 1.8 Necromancy
 + Level 1.8 Translocations
 + Level 1.8 Transmutations
 + Level 1.8 Fire Magic
 + Level 1.8 Ice Magic
 + Level 1.8 Air Magic
 + Level 1.8 Earth Magic
 + Level 1.8 Poison Magic
 + Level 2.5 Invocations
 + Level 2.2 Evocations


You had 13 spell levels left.
You knew the following spells:

 Your Spells              Type           Power        Failure   Level  Hunger
a - Infusion              Chrm           ###.         1%          1    None
b - Spectral Weapon       Hex/Chrm       ###.....     11%         3    ##.....

Your spell library contained the following spells:

 Spells                   Type           Power        Failure   Level  Hunger
 Song of Slaying          Chrm           ###.....     2%          2    #......
 Shroud of Golubria       Chrm/Tloc      ###.......   5%          2    #......
 Regeneration             Chrm/Necr      ###.......   11%         3    ##.....


Dungeon Overview and Level Annotations

Branches:
Dungeon (4/15)
 Temple: D:4-7

Altars:
Wu Jian

Shops:
D:4 :


Innate Abilities, Weirdness & Mutations

Your experience applies equally to all skills.
You have very sharp teeth.
Your uncanny sense of smell can sniff out nearby items.


Message History

Your spectral weapon shares its damage with you!
* * * LOW HITPOINT WARNING * * *
You fade into invisibility!
The orc wizard hits your spectral weapon with a +0 dagger.
Your spectral weapon shares its damage with you!
* * * LOW HITPOINT WARNING * * *
Something closely misses your spectral weapon.
You are very lightly contaminated with residual magic.
Something hits your spectral weapon!
Your spectral weapon shares its damage with you!
* * * LOW HITPOINT WARNING * * *
The orc wizard mumbles some strange words.
The orc wizard flickers and vanishes!
Deactivating autopickup; reactivate with Ctrl-A.
You flicker for a moment.
Your spectral weapon fades away.
You flicker back into view.
A puff of flame appears from out of thin air!
The puff of flame hits you!
You die...

###..........#.........#
#.......
#..........#.#########
#.......
#......o...#.##......#
##......
#..........#....####.#
#......
###..........##### #.#
####'## #..........'...#
#.# #...
#.......o..#...# #.#
####
#...(......#.#####.#
##########..@......#
###.####### #.# #.# #.#
#.# #.. ###


You could see an orc priest and an orc.

Vanquished Creatures
  Grinder (D:3)
  A scorpion (D:4)
  An orc priest (D:4)
  An orc wizard (D:4)
  An iguana (D:4)
  A worker ant (D:4)
  A gnoll (D:1)
  4 adders
  A shadow imp (D:4)
  A dart slug (D:1)
  2 leopard geckos
  15 orcs
  3 giant cockroaches
  12 goblins
  2 hobgoblins
  6 jackals (D:1)
  8 kobolds
  A ball python (D:3)
  10 bats
  2 frilled lizards
  A jackal skeleton (D:3)
  13 rats
88 creatures vanquished.

Vanquished Creatures (others)
  2 spectral weapons
2 creatures vanquished.

Grand Total: 90 creatures vanquished

Notes
Turn   | Place    | Note
-------+----------+-------------------------------------------
     0 | D:1      | Mrkan the Gnoll Skald began the quest for the Orb.
     0 | D:1      | Reached XP level 1. HP: 20/20 MP: 6/6
   102 | D:1      | Reached XP level 2. HP: 24/26 MP: 7/7
   275 | D:1      | Reached skill level 5 in Spellcasting
   275 | D:1      | Reached XP level 3. HP: 8/31 MP: 7/9
   456 | D:1      | Reached skill level 1 in Invocations
   818 | D:1      | Reached skill level 1 in Short Blades
   818 | D:1      | Reached skill level 1 in Axes
   818 | D:1      | Reached skill level 1 in Maces & Flails
   818 | D:1      | Reached skill level 1 in Polearms
   818 | D:1      | Reached skill level 1 in Staves
   818 | D:1      | Reached skill level 1 in Slings
   818 | D:1      | Reached skill level 1 in Bows
   818 | D:1      | Reached skill level 1 in Crossbows
   818 | D:1      | Reached skill level 1 in Throwing
   818 | D:1      | Reached skill level 1 in Stealth
   818 | D:1      | Reached skill level 1 in Shields
   818 | D:1      | Reached skill level 1 in Unarmed Combat
   818 | D:1      | Reached skill level 1 in Evocations
   973 | D:2      | Learned a level 3 spell: Spectral Weapon
   982 | D:2      | Reached XP level 4. HP: 38/38 MP: 8/11
  1470 | D:3      | Reached skill level 1 in Conjurations
  1470 | D:3      | Reached skill level 1 in Hexes
  1470 | D:3      | Reached skill level 1 in Summonings
  1470 | D:3      | Reached skill level 1 in Necromancy
  1470 | D:3      | Reached skill level 1 in Translocations
  1470 | D:3      | Reached skill level 1 in Transmutations
  1470 | D:3      | Reached skill level 1 in Fire Magic
  1470 | D:3      | Reached skill level 1 in Ice Magic
  1470 | D:3      | Reached skill level 1 in Air Magic
  1470 | D:3      | Reached skill level 1 in Earth Magic
  1470 | D:3      | Reached skill level 1 in Poison Magic
  1709 | D:3      | Noticed Grinder
  1995 | D:3      | Killed Grinder
  1995 | D:3      | Reached XP level 5. HP: 28/43 MP: 10/12
  1995 | D:3      | Reached XP level 6. HP: 32/50 MP: 11/14
  2584 | D:3      | Found an ornate altar of the Wu Jian Council.
  2716 | D:4      | Reached skill level 5 in Fighting
  2716 | D:4      | Reached skill level 5 in Long Blades
  2716 | D:4      | Reached skill level 5 in Dodging
  2990 | D:4      | Found Xyefec's Book Shop.
  3165 | D:4      | Reached XP level 7. HP: 42/56 MP: 13/15
  3387 | D:4      | HP: 1/56 [something/+2 mace of protection (4)]
  3408 | D:4      | Killed from afar by an orc wizard

Skill      XL: |  1  2  3  4  5  6 |
---------------+-------------------+-----
Spellcasting   | 5 |  5.5
Invocations    | 1 2 |  2.5
Short Blades   | 1 2 |  2.2
Axes           | 1 2 |  2.2
Maces & Flails | 1 2 |  2.2
Polearms       | 1 2 |  2.2
Staves         | 1 2 |  2.2
Slings         | 1 2 |  2.2
Bows           | 1 2 |  2.2
Crossbows      | 1 2 |  2.2
Throwing       | 1 2 |  2.2
Stealth        | 1 2 |  2.2
Shields        | 1 2 |  2.2
Unarmed Combat | 1 2 |  2.2
Evocations     | 1 2 |  2.2
Conjurations   | 1 |  1.8
Hexes          | 1 |  1.8
Summonings     | 1 |  1.8
Necromancy     | 1 |  1.8
Translocations | 1 |  1.8
Transmutations | 1 |  1.8
Fire Magic     | 1 |  1.8
Ice Magic      | 1 |  1.8
Air Magic      | 1 |  1.8
Earth Magic    | 1 |  1.8
Poison Magic   | 1 |  1.8
Armour         | 3 |  3.4
Fighting       | 5 |  5.1
Long Blades    | 5 |  5.1
Dodging        | 5 |  5.1
Charms         | |  5.7

Action                   |  1- 3 |  4- 6 |  7- 9 || total
-------------------------+-------+-------+-------++-------
Melee: Falchion          |   102 |   102 |    19 ||   223
       Bite              |    14 |    11 |     4 ||    29
       Punch             |     1 |     1 |       ||     2
       Spear             |       |       |     2 ||     2
 Cast: Infusion          |     1 |       |       ||     1
       Spectral Weapon   |     1 |     9 |     3 ||    13
  Use: Potion            |       |       |     1 ||     1
 Stab: Sleeping          |       |     4 |       ||     4
  Eat: Chunk             |       |     4 |     1 ||     5
       Ration            |       |     1 |       ||     1
Armor: Leather armour    |    16 |     8 |     2 ||    26
Dodge: Dodged            |    94 |    76 |    12 ||   182
       Rpst.: Falchion   |    32 |    26 |     4 ||    62
